 Dungeon Crawl Stone Soup version 0.27-a0-291-gd9602db6ee (webtiles) character file.

Game seed: 16562635802552133191

47585 ReteAZ the Fighter (level 13, -2/122 HPs)
             Began as a Demigod Ice Elementalist on Feb 9, 2021.
             Shot with an arrow by Nessos (5 damage)
             ... on level 6 of the Lair of Beasts.
             The game lasted 00:56:45 (29184 turns).

ReteAZ the Fighter (Demigod Ice Elementalist)      Turns: 29184, Time: 00:56:46

Health: -2/122     AC: 11    Str: 15    XL:     13   Next: 72%
Magic:  29/29      EV: 13    Int: 23    God:
Gold:   1117       SH:  5    Dex: 13    Spells: 18/28 levels left

rFire    + . .     SeeInvis +   P - +3 falchion "Poymaile" {vorpal, +Inv Will++ Dex-3}
rCold    . . .     Faith    .   (no shield)
rNeg     . . .     Spirit   .   y - +2 robe {rF+}
rPois    .         Reflect  +   B - +1 helmet
rElec    .         Harm     .   A - +2 cloak {Will+}
rCorr    .         Rampage  .   X - +0 pair of gloves
Will     ++++.                  V - +0 pair of boots
Stlth    ++........             k - amulet of reflection
HPRegen  0.30/turn              O - +4 ring of slaying
MPRegen  0.21/turn              d - ring of see invisible

@: no status effects
A: high mp 1
a: Evoke Invisibility


You were on level 6 of the Lair of Beasts.
You visited 2 branches of the dungeon, and saw 18 of its levels.
You also visited: Sewer.

You collected 1155 gold pieces.
You spent 38 gold pieces at shops.

Inventory:

Hand Weapons
 c - the +7 war axe of Piurchiq {vorpal, Int+3 Stlth+}
   (You found it on level 11 of the Dungeon)

   It inflicts extra damage upon your enemies.
   It affects your intelligence (+3).
   It makes you more stealthy.
 P - the +3 falchion "Poymaile" (weapon) {vorpal, +Inv Will++ Dex-3}
   (You found it on level 8 of the Dungeon)

   It inflicts extra damage upon your enemies.
   It affects your dexterity (-3).
   It affects your willpower, your defense against some magical effects.
   It lets you turn invisible.
Missiles
 j - 68 poisoned darts (quivered)
Armour
 y - a +2 robe of fire resistance (worn)
 A - a +2 cloak of willpower (worn)
 B - a +1 helmet (worn)
 G - a +2 robe of cold resistance
 Q - a +1 ring mail of cold resistance
 V - a +0 pair of boots (worn)
 X - a +0 pair of gloves (worn)
Jewellery
 d - a ring of see invisible (right hand)
 e - an uncursed ring of wizardry
 g - an uncursed amulet of magic regeneration
 k - an amulet of reflection (around neck)
 l - an uncursed ring of willpower
 M - an uncursed ring of protection from cold
 O - a +4 ring of slaying (left hand)
 U - an uncursed ring of positive energy
Wands
 o - a wand of random effects (30)
 r - a wand of digging (3)
 C - a wand of acid (25)
 H - a wand of charming (7)
 J - a wand of paralysis (7)
 R - a wand of iceblast (28)
 W - a wand of mindburst (13)
Scrolls
 a - a scroll of immolation
 f - 5 scrolls of teleportation
 h - 10 scrolls of remove curse
 p - a scroll of fog
 t - 2 scrolls of enchant weapon
 v - 7 scrolls of amnesia
 w - 3 scrolls of magic mapping
 x - 3 scrolls of identify
 F - 5 scrolls of enchant armour
 K - a scroll of blinking
 N - a scroll of fear
 T - a scroll of silence
Potions
 b - 5 potions of mutation
 i - 10 potions of ambrosia
 m - a potion of cancellation
 n - 6 potions of curing
 q - 2 potions of might
 s - 5 potions of lignification
 u - 4 potions of brilliance
 z - 3 potions of invisibility
 D - 2 potions of heal wounds
 E - 3 potions of flight
 I - 3 potions of haste
 L - a potion of berserk rage
 S - a potion of attraction
 Z - 3 potions of magic
Miscellaneous
 Y - a condenser vane


   Skills:
 + Level 13.5 Fighting
 - Level 2.4 Armour
 - Level 3.2 Dodging
 - Level 1.7 Stealth
 - Level 8.1 Spellcasting
 - Level 5.0 Conjurations
 - Level 12.0 Ice Magic
 - Level 7.0 Earth Magic
 - Level 6.0 Evocations


You had 18 spell levels left.
You knew the following spells:

 Your Spells              Type           Power        Failure   Level
a - Freeze                Ice            100%         1%          1
b - Frozen Ramparts       Ice            100%         1%          3
c - Ozocubu's Armour      Ice            59%          1%          3
d - Stone Arrow           Conj/Erth      72%          1%          3

Your spell library contained the following spells:

 Spells                   Type           Power        Failure   Level
 Sandblast                Erth           82%          1%          1
 Hailstorm                Conj/Ice       48%          1%          4
 Passwall                 Tmut/Erth      20%          2%          2
 Summon Ice Beast         Ice/Summ       36%          6%          4
 Animate Skeleton         Necr           18%          7%          1
 Apportation              Tloc           18%          7%          1
 Corona                   Hex            10%          7%          1
 Summon Small Mammal      Summ           36%          7%          1
 Lee's Rapid Deconstruct  Erth           20%          11%         5
 Petrify                  Tmut/Erth      25%          16%         4
 Metabolic Englaciation   Hex/Ice        18%          16%         5
 Confusing Touch          Hex            9%           21%         3
 Gell's Gravitas          Tloc           4%           21%         3
 Yara's Violent Unravell  Hex/Tmut       4%           88%         5


Dungeon Overview and Level Annotations

Branches:
Dungeon (12/15)            Temple (0/1) D:5            Lair (6/6) D:10
  Swamp (0/4) Lair:3       Spider (0/4) Lair:3          Orc (0/2) D:10
  Sewer (visited)
  Slime: Lair:5-6

Shops:
D:4 *   D:5 ?   D:6 =   D:8 (

Annotations:
D:4 3 runed translucent doors, Nattfarinn's ghost, amateur BaSu
D:8 1 exclusion
Lair:1 exclusion: oklob plant
Lair:6 1 runed translucent door, Nessos


Innate Abilities, Weirdness & Mutations

You have an increased reservoir of magic. (+10% MP)


Message History

Your icy armour cracks and falls away as you move.
The frozen ramparts melt away as you move.
An ooze comes into view.
Items here: ††††.
You start resting.
Magic restored.
You start resting.
Nessos is nearby!
Nessos shouts!
Nessos unwields a +0 falchion.
Nessos wields a +1 longbow of flaming.
It bursts into flame!
Nessos shoots an arrow.
The arrow hits you!!
* * * LOW HITPOINT WARNING * * *
The arrow burns you.
You are lethally poisoned!
* * * LOW HITPOINT WARNING * * *
Items here: ††††.
You feel better.
Nessos blinks!
Nessos shoots an arrow.
The arrow hits you!!
* * * LOW HITPOINT WARNING * * *
The arrow burns you.
You die...

##..............
#c..............
#§#..(..........
#..............
##..............
#.#............Y
#...^...........
###.............
#...@##P......
###.#.#####.#.
##### .#


You could see Nessos.

Vanquished Creatures
  Kirke (Lair:6)
  Josephine (D:12)
  A hydra (Lair:5)
  A boulder beetle (D:12)
  2 two-headed ogres (D:12)
  A death yak (Lair:4)
  A catoblepas (Lair:4)
  An unseen horror (D:11)
  A lindwurm (Lair:6)
  5 elephants
  4 black mambas
  4 torpor snails
  10 cane toads
  Psyche (D:10)
  9 rime drakes
  A gargoyle (D:11)
  11 komodo dragons
  2 trolls
  A queen bee (Lair:2)
  2 tyrant leeches (Lair:6)
  4 hornets
  A polar bear (Lair:6)
  15 blink frogs
  A meliai zombie (D:11)
  A shadow (D:11)
  2 wyverns (Lair:2)
  56 yaks
  7 hogs (Lair:6)
  5 wraiths (D:12)
  5 basilisks
  Eustachio (D:6)
  8 steam dragons (Lair:2)
  An acid dragon (Lair:2)
  16 water moccasins
  2 orc warriors
  3 black bears
  3 sky beasts
  14 wolves
  A necrophage (D:11)
  6 ogres
  A phantom (D:9)
  2 centaurs
  20 bullfrogs
  2 kobold brigands
  Blork the orc (D:4)
  10 scorpions
  31 killer bees
  4 electric eels (D:8)
  2 howler monkeys (D:9)
  A bullfrog zombie (D:10)
  2 centaur zombies
  4 jellies
  5 orc priests
  Crazy Yiuf (D:3)
  2 hounds
  4 centaur skeletons
  A bullfrog skeleton (D:10)
  3 iron imps (D:8)
  Jessica (D:3)
  A hell rat (Lair:2)
  Ijyb (D:2)
  5 iguanas
  Natasha (thrice) (D:3)
  13 orc wizards
  10 worker ants
  2 hound zombies
  A hound skeleton (D:5)
  A howler monkey zombie (D:5)
  Robin (D:3)
  24 adders
  3 gnolls (D:3)
  3 river rats (Sewer)
  2 shadow imps (D:6)
  A white imp (D:5)
  4 ufetubi
  An adder skeleton (D:6)
  2 worms
  A dart slug (D:2)
  3 leopard geckos
  42 orcs
  17 bats
  3 giant cockroaches
  15 goblins
  12 hobgoblins
  5 jackals
  4 quokkas
  A ball python (D:4)
  5 frilled lizards
  A hobgoblin zombie (D:6)
  11 kobolds
  A kobold zombie (D:6)
  2 leopard gecko skeletons (D:5)
  2 orc skeletons (D:6)
  2 orc zombies (D:6)
  A quokka zombie (D:5)
  3 rats
518 creatures vanquished.

Vanquished Creatures (others)
  A yak (Lair:2)
  A bush (Lair:6)
  78 fungi
  147 plants
227 creatures vanquished.

Grand Total: 745 creatures vanquished

Notes
Turn   | Place    | Note
-------+----------+-------------------------------------------
     0 | D:1      | ReteAZ the Demigod Ice Elementalist began the quest for the
                  | Orb.
     0 | D:1      | Reached XP level 1. HP: 14/14 MP: 5/5
   546 | D:1      | Reached XP level 2. HP: 20/20 MP: 2/7
  1560 | D:2      | Reached XP level 3. HP: 15/26 MP: 5/9
  2454 | D:2      | Learned a level 3 spell: Frozen Ramparts
  2613 | D:2      | Reached XP level 4. HP: 33/33 MP: 7/10
  3000 | D:3      | Noticed Robin
  3005 | D:3      | Noticed Jessica
  3086 | D:3      | Noticed Ijyb
  3125 | D:2      | Killed Ijyb
  3126 | D:2      | Reached skill level 5 in Ice Magic
  3312 | D:3      | Found a runed translucent door.
  3313 | D:3      | Noticed Crazy Yiuf
  3437 | D:3      | Killed Robin
  3700 | D:3      | Killed Jessica
  3701 | D:3      | Reached XP level 5. HP: 38/38 MP: 12/12
  3976 | D:3      | Noticed Natasha
  3981 | D:3      | Killed Natasha
  4150 | D:3      | Noticed Natasha
  4157 | D:3      | Killed Natasha
  4171 | D:3      | Noticed Natasha
  4177 | D:3      | Killed Natasha
  4321 | D:3      | Killed Crazy Yiuf
  4322 | D:3      | Reached XP level 6. HP: 40/45 MP: 10/14
  4401 | D:4      | Learned a level 3 spell: Ozocubu's Armour
  4419 | D:4      | Found a sacrificial altar of Ru.
  4519 | D:4      | Found a shimmering blue altar of Sif Muna.
  4579 | D:4      | Found a glowing drain.
  4589 | Sewer    | Entered a sewer
  4955 | Sewer    | Found a glowing silver altar of Zin.
  5147 | D:4      | Found a runed translucent gate.
  5148 | D:4      | Found a runed translucent gate.
  5148 | D:4      | Noticed Nattfarinn's ghost (amateur BaSu)
  5149 | D:4      | Found a runed translucent gate.
  5229 | D:4      | Found Astraasch's Assorted Antiques.
  5325 | D:4      | Noticed Blork the orc
  5331 | D:4      | Killed Blork the orc
  5332 | D:4      | Reached XP level 7. HP: 47/50 MP: 9/16
  5747 | D:5      | Entered Level 5 of the Dungeon
  6478 | D:5      | Found Vanoll's Magic Scroll Emporium.
  6500 | D:5      | Bought a scroll of magic mapping for 38 gold pieces
  6634 | D:5      | Found a sparkling altar of Nemelex Xobeh.
  6770 | D:5      | Found a glowing silver altar of Zin.
  6879 | D:5      | Found a staircase to the Ecumenical Temple.
  6970 | D:6      | Found a glowing golden altar of the Shining One.
  6988 | D:6      | Reached skill level 5 in Spellcasting
  7018 | D:6      | Noticed Eustachio
  7036 | D:6      | Killed Eustachio
  7037 | D:6      | Reached XP level 8. HP: 50/57 MP: 10/19
  7039 | D:6      | Found Edoth's Jewellery Shoppe.
  7206 | D:6      | Found a broken altar of Ashenzari.
  9439 | D:8      | Found a burning altar of Makhleb.
 10045 | D:8      | Found Naqen's Weapon Boutique.
 10273 | D:8      | Reached skill level 10 in Ice Magic
 10273 | D:8      | Reached XP level 9. HP: 44/62 MP: 17/22
 10621 | D:8      | Got a masterwork falchion
 10622 | D:8      | Identified the +3 falchion "Poymaile" {vorpal, +Inv Will++
                  | Dex-3} (You found it on level 8 of the Dungeon)
 12098 | D:10     | Entered Level 10 of the Dungeon
 12236 | D:10     | Reached skill level 1 in Fighting
 12683 | D:10     | Reached skill level 2 in Fighting
 13089 | D:10     | Noticed Psyche
 13096 | D:10     | Killed Psyche
 13097 | D:10     | Reached skill level 3 in Fighting
 13211 | D:10     | Reached XP level 10. HP: 49/77 MP: 22/25
 13638 | D:10     | Reached skill level 4 in Fighting
 13648 | D:10     | Found a staircase to the Lair.
 13852 | D:10     | Found a staircase to the Orcish Mines.
 14540 | D:11     | Found a stormy altar of Qazlal.
 14587 | D:11     | Reached skill level 5 in Fighting
 14698 | D:11     | Noticed an unseen horror
 14698 | D:11     | Killed an unseen horror
 14911 | D:11     | Reached skill level 6 in Fighting
 15258 | D:11     | Reached skill level 1 in Evocations
 15266 | D:11     | Reached XP level 11. HP: 44/91 MP: 20/27
 15467 | D:11     | Got an iridescent war axe
 15469 | D:11     | Identified the +7 war axe of Piurchiq {vorpal, Int+3
                  | Stlth+} (You found it on level 11 of the Dungeon)
 15786 | D:12     | Noticed a boulder beetle
 15810 | D:12     | Killed a boulder beetle
 15811 | D:12     | Reached skill level 7 in Fighting
 16177 | D:12     | Found an opulent altar of Gozag.
 16180 | D:12     | Noticed Josephine
 16188 | D:12     | Killed Josephine
 16559 | D:12     | Noticed a two-headed ogre
 16569 | D:12     | Killed a two-headed ogre
 16570 | D:12     | Reached skill level 8 in Fighting
 16570 | D:12     | Reached skill level 5 in Evocations
 17001 | D:12     | Noticed a two-headed ogre
 17010 | D:12     | Killed a two-headed ogre
 17011 | D:12     | Reached skill level 1 in Armour
 17325 | Lair:1   | Entered Level 1 of the Lair of Beasts
 17778 | Lair:1   | Learned a level 3 spell: Stone Arrow
 17953 | Lair:1   | Reached skill level 1 in Conjurations
 17953 | Lair:1   | Reached skill level 1 in Earth Magic
 19587 | Lair:2   | Reached XP level 12. HP: 37/101 MP: 24/28
 20559 | Lair:2   | Reached skill level 5 in Conjurations
 20559 | Lair:2   | Reached skill level 5 in Earth Magic
 21945 | Lair:2   | Reached skill level 9 in Fighting
 22887 | Lair:3   | Found a hole to the Spider Nest.
 23127 | Lair:3   | Found a staircase to the Swamp.
 23818 | Lair:4   | Reached skill level 10 in Fighting
 23988 | Lair:4   | Noticed a catoblepas
 23998 | Lair:4   | Killed a catoblepas
 24012 | Lair:4   | Reached XP level 13. HP: 24/114 MP: 21/29
 24785 | Lair:4   | Reached skill level 11 in Fighting
 26787 | Lair:5   | Reached skill level 12 in Fighting
 27515 | Lair:6   | Entered Level 6 of the Lair of Beasts
 27535 | Lair:6   | Noticed Nessos
 27594 | Lair:6   | Noticed Kirke
 27954 | Lair:6   | Killed Kirke
 27955 | Lair:6   | Reached skill level 13 in Fighting
 28251 | Lair:6   | Found a runed translucent door.
 29042 | Lair:6   | Paralysed by a hornet for 1 turns
 29184 | Lair:6   | HP: 3/122 [Nessos/arrow (28)]
 29184 | Lair:6   | Shot with an arrow by Nessos

Illustrated notes

Levels and vault maps discovered:
D:1:      lemuel_arrival_tunnels, layout_basic
D:2:      layout_loops_ring, serial_aquarium, aquarium_bridge_square
          [aquarium_subvault_bridge, aquarium_subvault_window,
          aquarium_subvault_bridge, aquarium_subvault_wall],
          aquarium_bridge_island_small [aquarium_subvault_small_open,
          aquarium_subvault_window, aquarium_subvault_window,
          aquarium_subvault_bridge, aquarium_subvault_bridge],
          aquarium_window_3, aquarium_window_fake, aquarium_window_2,
          aquarium_window_corner, aquarium_view_2c, aquarium_balcony_double_3
D:3:      layout_rooms, serial_corexii_hall, corexii_hall_statues_deadend,
          chequers_hall_statues_y, corexii_hall_statues_i,
          corexii_hall_statues_u, hex_intersection, uniq_crazy_yiuf_cottage,
          uniq_natasha, uniq_robin, uniq_jessica, uniq_ijyb
D:4:      layout_loops_ring, lemuel_doored_altar,
          nicolae_ru_sacrificial_ziggurat, serial_shops, shop,
          gammafunk_ghost_nasty_kobolds, portal_sewer_entry_d,
          uniq_blork_the_orc
D:5:      layout_rooms, marbit_many_paths, lemuel_round_altar,
          minmay_temple_entry_hall, serial_shops, shop_scrolls,
          minmay_chambers_of_fives
D:6:      layout_loops_ring, kennysheep_mini, serial_shops, shop_fountains,
          nicolae_tso_besieged_by_evil, uniq_eustachio
D:7:      layout_basic, hangedman_decor_push, kb_rosetta
D:8:      layout_rooms, demons_altar, serial_bayou, serial_bayou_lagoon_a,
          serial_bayou_lagoon_b, serial_bayou_pond_c, serial_bayou_shore_b,
          serial_shops, shop
D:9:      layout_grid_maze
D:10:     old_forge, layout_gridville, due_lair_maze_entry_diamond, uniq_psyche
D:11:     layout_basic, nicolae_qazlal_style_of_elements
D:12:     layout_basic, grunt_gozag_statues, uniq_josephine
Lair:1:   layout_big_grid, minmay_lair_oklob_chamber, lemuel_fruit_fields
Lair:2:   regret_index_wax_grids, layout_layer_cave,
          chequers_serial_rivers_room_b, bobbens_dragon_lair_wall,
          infiniplex_staircase_pool_2
Lair:3:   layout_roguey, swamp_mist_pool, dummy_spider_entry
Lair:4:   layout_roguey, lookout_lair_type, beast_lair_carwin_8,
          grunt_megastairs_5
Lair:5:   cheibrodos_lair_river_kwai, layout_hall_layers, serial_bayou_ford_a,
          grunt_megastairs_3
Lair:6:   wormcave, layout_small_grid, guppyfry_lair_end_dragon,
          nicolae_slime_entry_slimehenge, uniq_kirke, uniq_nessos

Skill      XL: |  1  2  3  4  5  6  7  8  9 10 11 12 13 |
---------------+----------------------------------------+-----
Spellcasting   | 2 3 4 5 6 7 8 |  8.1
Ice Magic      | 4 5 6 7 8 10 11 12 | 12.0
Fighting       | 3 6 8 10 13 | 13.5
Evocations     | 2 6 |  6.0
Armour         | 2 |  2.4
Dodging        | 3 |  3.2
Conjurations   | 3 5 |  5.0
Earth Magic    | 3 7 |  7.0
Stealth        | |  1.7

Action                   |  1- 3 |  4- 6 |  7- 9 | 10-12 | 13-15 || total
-------------------------+-------+-------+-------+-------+-------++-------
Melee: Unarmed           |     2 |       |       |       |       ||     2
       Dagger            |     9 |     9 |       |       |       ||    18
       Short sword       |       |    88 |   246 |       |       ||   334
       Falchion          |       |       |   133 |   438 |   165 ||   736
Throw: Dart              |     4 |    35 |     9 |    20 |       ||    68
 Cast: Freeze            |    53 |    24 |    13 |    17 |       ||   107
       Frozen Ramparts   |       |    12 |    38 |    64 |    31 ||   145
       Ozocubu's Armour  |       |     1 |    19 |    29 |    14 ||    63
       Stone Arrow       |       |       |       |    47 |    30 ||    77
Evoke: Wand              |       |       |     2 |       |       ||     2
       Condenser vane    |       |       |       |     1 |       ||     1
  Use: Scroll            |       |     2 |     8 |    16 |     3 ||    29
       Potion            |       |       |       |     1 |     4 ||     5
 Stab: Sleeping          |     3 |     4 |     3 |     3 |       ||    13
       Distracted        |       |       |     1 |       |       ||     1
Armor: Robe              |    15 |     8 |    92 |   168 |    93 ||   376
       Ring mail         |       |    25 |    17 |       |       ||    42
Dodge: Dodged            |    46 |    58 |   208 |   278 |   143 ||   733
Block: Other             |     8 |    26 |    87 |   128 |    54 ||   303
       Reflection        |       |     1 |     1 |       |     1 ||     3
       Rpst.: Falchion   |       |       |    30 |    82 |    45 ||   157

Table legend: (Time is in decaauts)
 A = Elapsed time spent in this place.
 B = Non-inter-level travel time spent in this place.
 C = Inter-level travel time spent in this place.
 D = Time resting spent in this place.
 E = Time spent auto-exploring this place.
 F = Levels seen in this place.
 G = Mean time per level.
                   A        B        C        D        E       F      G
               +--------+--------+--------+--------+--------+-----+--------+
         Total |  29571 |  28296 |   1275 |   7673 |  16119 |  19 | 1556.4 |
       Dungeon |  17397 |  16459 |    938 |   3142 |  10469 |  12 | 1449.8 |
          Lair |  11731 |  11394 |    337 |   4319 |   5513 |   6 | 1955.2 |
         Sewer |    442 |    442 |      0 |    212 |    136 |   1 |  442.0 |
               +--------+--------+--------+--------+--------+-----+--------+

Top non-repeatable levels by time:
  Lair:2: 3819 daAuts
    D:10: 2172 daAuts
  Lair:5: 2044 daAuts
     D:2: 1898 daAuts
  Lair:4: 1889 daAuts
     D:8: 1779 daAuts
    D:12: 1651 daAuts
  Lair:6: 1587 daAuts
     D:9: 1558 daAuts
    D:11: 1492 daAuts
  Lair:1: 1261 daAuts
     D:3: 1252 daAuts
     D:1: 1233 daAuts
     D:6: 1209 daAuts
     D:5: 1197 daAuts
